 Dungeon Crawl Stone Soup version 0.29-a0-322-g68df515428 (webtiles) character file.

Game seed: 441252859235910806

2538 Dabor the Reanimator (level 9, -7/109 HPs)
             Began as a Deep Dwarf Necromancer on Apr 7, 2022.
             Was an Initiate of Makhleb.
             Killed by divine providence
             ... invoked by a daeva
             ... created by the Shining One
              (13 damage)
             ... on level 7 of the Dungeon.
             The game lasted 00:19:57 (6846 turns).

Dabor the Reanimator (Deep Dwarf Necromancer)       Turns: 6846, Time: 00:19:58

Health: -7/109     AC: 24    Str: 12    XL:     9   Next: 30%
Magic:  15/18      EV:  2    Int: 20    God:    Makhleb [......]
Gold:   335        SH:  0    Dex: 13    Spells: 11/20 levels left

rFire   . . .      SeeInvis .   d - staff of death
rCold   . . .      Faith    .   (no shield)
rNeg    + + .      Spirit   .   (body armour currently unavailable)
rPois   +          Reflect  .   (helmet currently unavailable)
rElec   .          Harm     .   (cloak currently unavailable)
rCorr   .          Rampage  .   (gloves currently unavailable)
Will    +....      NoTele   +   (boots currently unavailable)
Stlth   +.........              (no amulet)
HPRegen 0.00/turn               b - ring of positive energy
MPRegen 0.16/turn               (no ring)

@: tree-form, glowing
A: stationary, stasis, torment immunity, boosted hp, damage resistance, heal
wounds, sense surroundings 2, no regeneration
a: Heal Wounds, Renounce Religion


You were on level 7 of the Dungeon.
You worshipped Makhleb.
Makhleb was noncommittal.
You were a tree.
You visited 2 branches of the dungeon, and saw 8 of its levels.

You collected 335 gold pieces.

Inventory:

Hand Weapons
 t - a +2 vampiric hand axe
Missiles
 s - 14 poisoned darts
Armour
 a - a +0 robe
 g - a +0 cloak of willpower (melded)
 j - the +6 leather armour of a Gauntlet (melded) {rPois Int+7 Dex-4}
   (You found it on level 7 of the Dungeon)

   Int:       It affects your intelligence (+7).
   Dex:       It affects your dexterity (-4).
   rPois:     It protects you from poison.
 m - the +6 ring mail "Wigeschuewe" {rF+ Int+2}
   (You found it on level 4 of the Dungeon)

   Int:       It affects your intelligence (+2).
   rF:        It protects you from fire.
Magical Staves
 d - a staff of death (weapon)
Jewellery
 b - a ring of positive energy (left branch)
 r - an amulet of the acrobat
Wands
 o - a wand of iceblast (3)
Scrolls
 c - a scroll of magic mapping
 f - a scroll of identify
 i - 2 scrolls of enchant weapon
 n - a scroll of holy word
 q - a scroll of teleportation
 u - a scroll of fear
Potions
 h - 4 potions of curing
 k - a potion of berserk rage
 l - 2 potions of heal wounds {unknown}
 p - 2 potions of haste {unknown}


   Skills:
 - Level 2.0 Fighting
 - Level 3.0 Staves
 - Level 2.5 Dodging
 - Level 2.8 Stealth
 + Level 6.1 Spellcasting
 * Level 11.2 Necromancy


You had 11 spell levels left.
You knew the following spells:

 Your Spells              Type           Power      Damage    Failure   Level
a - Pain                  Necr           100%       1d9       1%          1
b - Animate Skeleton      Necr           100%       N/A       1%          1
c - Vampiric Draining     Necr           67%        2d10      1%          3
d - Animate Dead          Necr           33%        N/A       1%          4

Your spell library contained the following spells:

 Spells                   Type           Power      Damage    Failure   Level
 Agony                    Necr           67%        N/A       2%          5
 Apportation              Tloc           12%        N/A       11%         1
 Magic Dart               Conj           24%        1d4       11%         1
 Sting                    Tmut/Pois      24%        1d4       11%         1
 Call Imp                 Summ           6%         N/A       16%         2
 Poisonous Vapours        Pois/Air       12%        N/A       16%         2
 Static Discharge         Conj/Air       6%         N/A       16%         2
 Conjure Flame            Conj/Fire      6%         6-21      30%         3
 Ignite Poison            Fire/Tmut/Pois 6%         N/A       30%         3
 Mephitic Cloud           Conj/Pois/Air  6%         N/A       30%         3
 Olgreb's Toxic Radiance  Pois           6%         N/A       71%         4
 Sticky Flame             Conj/Fire      6%         2d3       71%         4
 Alistair's Intoxication  Tmut/Pois      4%         N/A       96%         5
 Lightning Bolt           Conj/Air       3%         1d14      96%         5
 Maxwell's Capacitive Co  Air            3%         ∞         100%        8


Dungeon Overview and Level Annotations

Branches:
Dungeon (7/15)             Temple (1/1) D:6

Altars:
Ashenzari
Cheibriados
Dithmenos
Elyvilon
Fedhas
Gozag
Hepliaklqana
Kikubaaqudgha
Makhleb
Nemelex Xobeh
Okawaru
Qazlal
Ru
Sif Muna
Trog
Uskayaw
Vehumet
Wu Jian
Xom
Yredelemnul
Zin
The Shining One

Shops:
D:3 :


Innate Abilities, Weirdness & Mutations

You are a tree.
Your roots penetrate the ground, keeping you stationary.
You cannot be teleported.
You are immune to unholy pain and torment.
Your maximum health is greatly increased.
Your equipment is partially melded.
You are resistant to damage.
You can heal yourself by infusing magical energy.
You passively map the area around you.
You do not regenerate.


Message History

You start putting on your armour.
You continue putting on the +6 leather armour of a Gauntlet {rPois Int+7 Dex-4}. x5
You finish putting on the +6 leather armour of a Gauntlet {rPois Int+7 Dex-4}.
You feel clever.
You feel clumsy.
Casting: Vampiric Draining (safe; 1% risk of failure)
Confirm with . or Enter, or press ? or * to list all spells.
Okay, then.
Unknown command.
Unknown command.
The Shining One sends the divine host to punish you for your evil ways!
A daeva and an angel come into view.
The daeva is wielding a +5 scimitar of holy wrath.
The angel is wielding a +1 whip of holy wrath.
Found a chain mail.
The angel attacks as you move away!
The angel hits you with a +1 whip of holy wrath!
The angel hits you but does no damage.
The daeva calls down the wrath of the Shining One upon you.
The Shining One smites you!
The angel hits you with a +1 whip of holy wrath!
The angel hits you but does no damage.
The daeva calls down the wrath of the Shining One upon you.
The Shining One smites you!
As you read the scroll of teleportation, it crumbles to dust.
You feel strangely unstable.
You feel better. The angel hits you but does no damage.
The angel hits you with a +1 whip of holy wrath.
The angel hits you with a +1 whip of holy wrath!!
* * * LOW HITPOINT WARNING * * *
The angel hits you but does no damage.
It was a potion of lignification.
You turn into a tree.
Your +0 cloak of willpower melds into your body.
The +6 leather armour of a Gauntlet {rPois Int+7 Dex-4} melds into your body.
You feel less strong-willed.
Your roots penetrate the ground.
You feel strangely stable. The angel hits you but does no damage.
The angel hits you with a +1 whip of holy wrath!
* * * LOW HITPOINT WARNING * * *
The daeva calls down the wrath of the Shining One upon you.
The Shining One smites you!
You die...

,, ,, .......#.##########
##.. *
#...............####... * *
#####.###..............
####.# ######......... , ,
*####....# ####..#.## ,
*#....#############.......
#.###.........##...###.#. ,,
*#.###.....$...##.####.†#. ,
,,
,,*#....A..♣<...[##.......#.
* *>
#..##...A.....#######.... *
, #.. ########.## #..##. **
#. ..* #...... , .. *
#*#.).#### , # , * ...#.,...
, #.###. #.. ,, * *,,,* #.*
#. #.# ,,,,, , * * #.


You could see a daeva and an angel.

Vanquished Creatures
  A two-headed ogre (D:6)
  Grinder (D:5)
  3 water moccasins
  A black bear (D:6)
  A sky beast (D:7)
  An ice beast (D:6)
  2 ogres
  A kobold brigand (D:5)
  A phantom (D:5)
  A bullfrog (D:6)
  3 scorpions
  4 hounds
  An orc priest (D:4)
  Crazy Yiuf (D:2)
  2 jellies
  A gnoll shaman (D:5)
  5 iguanas
  An orc wizard (D:4)
  3 gnolls (D:5)
  6 adders
  3 worms
  6 orcs
  A ball python (D:4)
  10 endoplasms
  3 giant cockroaches
  7 goblins
  7 hobgoblins
  9 kobolds
  2 quokkas
  3 bats
  3 frilled lizards
  3 rats (D:1)
97 creatures vanquished.

Vanquished Creatures (collateral kills)
  A shadow imp (D:5)
1 creature vanquished.

Vanquished Creatures (others)
  4 toadstools (D:1)
4 creatures vanquished.

Grand Total: 102 creatures vanquished

Notes
Turn   | Place    | Note
-------+----------+-------------------------------------------
     0 | D:1      | Dabor the Deep Dwarf Necromancer began the quest for the
                  | Orb.
     0 | D:1      | Reached XP level 1. HP: 15/15 MP: 3/3
   115 | D:1      | Learned a level 1 spell: Animate Skeleton
   263 | D:1      | Found a faded altar of an unknown god.
   543 | D:1      | Reached XP level 2. HP: 11/22 MP: 2/4
   995 | D:1      | Prayed at the altar of an unknown god.
   995 | D:1      | Became a worshipper of the Shining One
   995 | D:1      | Reached * piety under the Shining One
  1014 | D:2      | Fell from the grace of the Shining One
  1362 | D:2      | Reached XP level 3. HP: 11/30 MP: 0/6
  1366 | D:2      | Learned a level 3 spell: Vampiric Draining
  1531 | D:2      | Reached skill level 5 in Necromancy
  1668 | D:2      | Reached skill level 1 in Fighting
  1710 | D:2      | Found a shimmering altar of Xom.
  2148 | D:2      | Found a runed translucent door.
  2149 | D:2      | Noticed Crazy Yiuf
  2159 | D:2      | Killed Crazy Yiuf
  2160 | D:2      | Reached XP level 4. HP: 36/38 MP: 0/7
  2420 | D:3      | Reached XP level 5. HP: 28/44 MP: 4/8
  2465 | D:3      | Reached skill level 1 in Staves
  2560 | D:3      | Found Yqosez's Book Shoppe.
  2991 | D:4      | Noticed a water moccasin
  3004 | D:4      | Killed a water moccasin
  3005 | D:4      | Reached skill level 6 in Necromancy
  3005 | D:4      | Reached XP level 6. HP: 30/52 MP: 1/10
  3127 | D:4      | Identified the +6 ring mail "Wigeschuewe" {rF+ Int+2}
  4286 | D:5      | Entered Level 5 of the Dungeon
  4297 | D:5      | Noticed Grinder
  4307 | D:5      | Killed Grinder
  4308 | D:5      | Reached skill level 7 in Necromancy
  4308 | D:5      | Reached XP level 7. HP: 58/60 MP: 10/12
  4415 | D:5      | Found a bloodstained altar of Trog.
  4556 | D:5      | Reached skill level 8 in Necromancy
  4562 | D:5      | Reached XP level 8. HP: 51/67 MP: 2/14
  4784 | D:5      | Identified a scroll of acquirement
  4786 | D:5      | Acquired a staff of death
  4886 | D:5      | Learned a level 4 spell: Animate Dead
  4906 | D:6      | Found a staircase to the Ecumenical Temple.
  4952 | Temple   | Entered the Ecumenical Temple
  5384 | Temple   | Became a worshipper of Makhleb the Destroyer
  5640 | D:6      | Reached skill level 9 in Necromancy
  5798 | D:6      | Reached skill level 5 in Spellcasting
  5920 | D:6      | Noticed a two-headed ogre
  5941 | D:6      | Killed a two-headed ogre
  5942 | D:6      | Reached skill level 10 in Necromancy
  5942 | D:6      | Gained mutation: You passively map the area around you.
                  | [Deep Dwarf growth]
  5942 | D:6      | Reached XP level 9. HP: 52/73 MP: 9/17
  6587 | D:6      | Noticed an angel
  6587 | D:6      | Noticed an angel
  6741 | D:7      | Reached skill level 11 in Necromancy
  6820 | D:7      | Identified the +6 leather armour of a Gauntlet {rPois Int+7
                  | Dex-4}
  6841 | D:7      | Noticed a daeva
  6841 | D:7      | Noticed an angel
  6846 | D:7      | Killed from afar by a daeva

Illustrated notes

Levels and vault maps discovered:
D:1:      sevenhm_arrival_forest_fort_small_5, layout_basic,
          ebering_ecumenical_altar_hall, minmay_gold_behind_fungi
D:2:      layout_basic, basic_altar, uniq_crazy_yiuf_cottage
D:3:      layout_rooms, serial_shops, nicolae_lakefront_shop,
          minmay_misc_feat_tower, interstate_on_off
D:4:      layout_rooms, grunt_decor_arrowhead, corexii_checkpoint_b,
          minmay_strange_pillars, minmay_between
D:5:      layout_rooms, mainiacjoe_overflow_small_starburst,
          corexii_item_surrounded_by_moat, uniq_grinder
D:6:      layout_loops_cross, minmay_temple_entry_trees
D:7:      layout_rooms, uniq_maggie
Temple:   mainiacjoe_temple_hex_bubbles

Skill      XL: |  1  2  3  4  5  6  7  8  9 |
---------------+----------------------------+-----
Spellcasting   | 2 3 4 5 6 |  6.1
Necromancy     | 5 6 7 8 10 11 | 11.2
Fighting       | 1 2 |  2.0
Staves         | 2 3 |  3.0
Dodging        | |  2.5
Stealth        | |  2.8

Action                   |  1- 3 |  4- 6 |  7- 9 || total
-------------------------+-------+-------+-------++-------
Melee: Unarmed           |    25 |       |       ||    25
       Punch             |     1 |       |     1 ||     2
       Dagger            |    10 |       |       ||    10
       Short sword       |     9 |       |       ||     9
       Quarterstaff      |       |    27 |    46 ||    73
       Staff             |       |       |    52 ||    52
 Cast: Pain              |    58 |       |    32 ||    90
       Animate Skeleton  |     3 |       |     2 ||     5
       Vampiric Draining |    10 |    32 |    37 ||    79
Invok: Renounce Religion |     1 |       |       ||     1
 Abil: Heal Wounds       |     3 |       |     1 ||     4
Evoke: Wand              |       |     3 |     4 ||     7
  Use: Potion            |     4 |       |     3 ||     7
       Scroll            |       |       |    10 ||    10
 Stab: Sleeping          |     4 |       |       ||     4
Armor: Robe              |     8 |     7 |       ||    15
       Ring mail         |       |    20 |    65 ||    85
       Leather armour    |       |       |     4 ||     4
       Skin              |       |       |     1 ||     1
Dodge: Dodged            |    42 |    39 |    69 ||   150

Table legend: (Time is in decaauts)
 A = Elapsed time spent in this place.
 B = Non-inter-level travel time spent in this place.
 C = Inter-level travel time spent in this place.
 D = Time resting spent in this place.
 E = Time spent auto-exploring this place.
 F = Levels seen in this place.
 G = Mean time per level.
                   A        B        C        D        E       F      G
               +--------+--------+--------+--------+--------+-----+--------+
         Total |   6859 |   6331 |    528 |    462 |   4483 |   8 |  857.4 |
       Dungeon |   6400 |   6063 |    337 |    462 |   4235 |   7 |  914.3 |
        Temple |    458 |    267 |    191 |      0 |    248 |   1 |  458.0 |
               +--------+--------+--------+--------+--------+-----+--------+

Top non-repeatable levels by time:
     D:6: 1272 daAuts
     D:1: 1209 daAuts
     D:4: 1164 daAuts
     D:2: 1066 daAuts
     D:3: 845 daAuts
     D:5: 638 daAuts
  Temple: 458 daAuts
     D:7: 205 daAuts
